 Dungeon Crawl Stone Soup version 0.29.1-12-g30fa7ad0bf (webtiles) character file.

Game seed: 3571725795657910246

1731 wormed the Trooper (level 9, -1/70 HPs)
             Began as a Djinni Conjurer on Dec 22, 2022.
             Was an Initiate of Ashenzari.
             Shot with an arrow by a centaur (5 damage)
             ... on level 6 of the Dungeon.
             The game lasted 00:16:38 (7780 turns).

wormed the Trooper (Djinni Conjurer)                Turns: 7780, Time: 00:16:39

Health: -1/70      AC:  4    Str:  6    XL:     9   Next: 25%
Gold:   251        EV: 27    Int: 24    God:    Ashenzari [......] SH:  0 Dex: 12

rFire   + + .      SeeInvis .   (no weapon)
rCold   x . .      Faith    .   (no shield)
rNeg    . . .      Spirit   .   l - +1 robe "Ruejaon" {Will+}
rPois   ∞          Reflect  .   (no helmet)
rElec   .          Harm     .   v - +0 cloak
rCorr   .          Rampage  .   (no gloves)
Will    +....                   (boots unavailable)
Stlth   ++........              s - amulet of the acrobat
HPRegen 0.21/turn               n - ring of wizardry
MPRegen 0.00/turn               (no ring)

@: acrobatic, flying
A: sickness immunity, fire resistance 2, cold vulnerability 1, float, innate
caster, HP casting, extra vitality 1
a: Renounce Religion


You were on level 6 of the Dungeon.
You worshipped Ashenzari.
Ashenzari was noncommittal.
You visited 2 branches of the dungeon, and saw 7 of its levels.

You collected 251 gold pieces.

Inventory:

Armour
 l - the +1 robe "Ruejaon" (worn) {Will+}
   (You found it on level 2 of the Dungeon)

   Will:      It increases your willpower.
 v - a +0 cloak (worn)
Jewellery
 n - a ring of wizardry (left hand)
 s - an amulet of the acrobat (around neck)
 y - a ring of protection from cold
Wands
 r - a wand of polymorph (5)
 u - a wand of roots (21)
 x - a wand of flame (24)
 A - a wand of charming (3)
 B - a wand of acid (13)
Scrolls
 a - a scroll of magic mapping {unknown}
 b - 4 scrolls of noise {unknown}
 d - 2 scrolls of amnesia {unknown}
 e - 2 scrolls of fear {unknown}
 g - 3 scrolls of teleportation {unknown}
 i - a scroll of enchant weapon {unknown}
 k - a scroll of enchant armour {unknown}
 m - a scroll of silence {unknown}
 o - 6 scrolls of identify {unknown}
 p - 2 scrolls of immolation {unknown}
 q - 3 scrolls of poison {unknown}
 w - a scroll of summoning {unknown}
Potions
 c - a potion of attraction {unknown}
 f - 3 potions of berserk rage {unknown}
 h - 2 potions of might {unknown}
 j - a potion of haste {unknown}
 t - a potion of heal wounds {unknown}
 z - 2 potions of curing {unknown}
 C - 2 potions of magic {unknown}


   Skills:
 + Level 7.9 Fighting
 - Level 2.1 Dodging
 - Level 1.5 Stealth
 + Level 7.0 Spellcasting


You couldn't memorise any spells.
You knew the following spells:

 Your Spells              Type           Power      Damage    Failure   Level
a - Magic Dart            Conj           100%       1d8       1%          1
b - Searing Ray           Conj           84%        2d7       1%          2
c - Dazzling Flash        Conj/Hex       84%        N/A       1%          3
d - Fulminant Prism       Conj/Hex       21%        3d13      1%          4
e - Iskenderun's Mystic   Conj/Tloc      42%        2d10      1%          4
f - Apportation           Tloc           84%        N/A       1%          1
g - Scorch                Fire           84%        2d9       1%          2
h - Ozocubu's Armour      Ice            42%        N/A       1%          3
i - Portal Projectile     Hex/Tloc       84%        N/A       1%          3
Your spell library was empty.

Dungeon Overview and Level Annotations

Branches:
Dungeon (6/15)             Temple (1/1) D:6

Altars:
Ashenzari
Fedhas
Nemelex Xobeh
Qazlal
Wu Jian
Xom
Yredelemnul
Zin

Shops:
D:6 (


Innate Abilities, Weirdness & Mutations

You are immune to sickness and miasma.
You are immune to poison.
Your flesh is very heat resistant. (rF++)
You are vulnerable to cold. (rC-)
You float through the air rather than walking.
You learn spells naturally, not from books.
Your magical power is your life essence.
You have superior vitality. (+4 MHP)


Message History

Confirm with . or Enter, or press ? or * to list all spells.
Aiming: Apportation (safe; 1% risk of failure)
Press: ? - help, Dir - move target You don't see anything to apport there.
Casting: Apportation (safe; 1% risk of failure)
Confirm with . or Enter, or press ? or * to list all spells.
Aiming: Fulminant Prism (dangerous; 1% risk of failure)
Press: ? - help, Dir - move target You conjure a prism of explosive energy!
A fulminant prism comes into view.
The gnoll bouda hits you with a +0 whip!
Casting: Fulminant Prism (dangerous; 1% risk of failure)
Confirm with . or Enter, or press ? or * to list all spells.
You erupt in a blast of force!
The mystic blast hits the gnoll bouda.
The gnoll bouda is lightly wounded.
The gnoll bouda is knocked back by the mystic blast.
The gnoll bouda collides with the centaur!
The centaur is moderately wounded.
The gnoll bouda is heavily wounded.
The centaur shoots an arrow.
The arrow hits you!
* * * LOW HITPOINT WARNING * * *
Your fulminant prism crackles loudly.
The centaur shoots an arrow.
The arrow hits you.
* * * LOW HITPOINT WARNING * * *
Your fulminant prism explodes!
The blast of energy engulfs the gnoll!
You kill the gnoll!
The blast of energy engulfs the centaur!
The centaur is severely wounded.
The blast of energy engulfs the gnoll bouda!
The gnoll bouda is almost dead.
The centaur shoots an arrow.
The arrow hits you.
* * * LOW HITPOINT WARNING * * *
The centaur shoots an arrow.
The arrow hits you!
* * * LOW HITPOINT WARNING * * *
Casting: Iskenderun's Mystic Blast (dangerous; 1% risk of failure)
Confirm with . or Enter, or press ? or * to list all spells.
You don't have enough health to cast this spell.
The centaur shoots an arrow.
The arrow hits you.
You die...

#..#..#[#............. #.
#..#...[#..#..........# #.
#...#..).##...........###.
#.....>...............##.
#..##c...#...............
#.#..#....#...........###
#....#.#..#..######......
##..#...##...#######.#.##
##.....@..............##
#####..################
##.... . ###### .


You could see a centaur.

Vanquished Creatures
  Eustachio (D:4)
  Menkaure (D:4)
  A water moccasin (D:5)
  An orc warrior (D:6)
  3 ice beasts
  A black bear (D:5)
  A centaur (D:6)
  A phantom (D:4)
  A necrophage (D:5)
  3 scorpions
  A hound (D:4)
  An orc priest (D:5)
  2 jellies (D:5)
  Crazy Yiuf (D:3)
  2 iguanas
  Ijyb (D:4)
  Terence (D:3)
  An orc wizard (D:6)
  3 gnolls (D:6)
  11 adders
  4 white imps
  An ufetubus (D:5)
  A worm (D:5)
  9 orcs
  9 ball pythons
  9 bats
  8 endoplasms
  3 giant cockroaches
  6 hobgoblins
  4 jackals (D:1)
  5 quokkas
  3 frilled lizards
  7 goblins
  7 kobolds
  8 rats
  2 fulminant prisms (D:5)
124 creatures vanquished.

Vanquished Creatures (others)
  35 fulminant prisms
35 creatures vanquished.

Grand Total: 159 creatures vanquished

Notes
Turn   | Place    | Note
-------+----------+-------------------------------------------
     0 | D:1      | wormed the Djinni Conjurer began the quest for the Orb.
     0 | D:1      | wormed set off with the following spells memorised: Magic
                  | Dart, Searing Ray, Dazzling Flash, Fulminant Prism,
                  | Iskenderun's Mystic Blast.
     0 | D:1      | Reached XP level 1. HP: 15/15 MP: 0/0
   189 | D:1      | Reached XP level 2. HP: 19/22 MP: 0/0
   227 | D:1      | Reached skill level 1 in Fighting
   968 | D:1      | Reached XP level 3. HP: 18/27 MP: 0/0
   968 | D:1      | Learned a level 1 spell: Apportation
  1556 | D:2      | Identified the +1 robe "Ruejaon" {Will+}
  1820 | D:2      | Found a faded altar of an unknown god.
  1832 | D:2      | Reached XP level 4. HP: 20/33 MP: 0/0
  2546 | D:3      | Noticed Terence
  2550 | D:3      | Killed Terence
  2882 | D:3      | Reached XP level 5. HP: 38/40 MP: 0/0
  2882 | D:3      | Learned a level 2 spell: Scorch
  3680 | D:3      | Found a runed translucent door.
  3681 | D:3      | Noticed Crazy Yiuf
  3689 | D:3      | Killed Crazy Yiuf
  3778 | D:4      | Noticed a phantom
  3785 | D:4      | Killed a phantom
  3786 | D:4      | Reached XP level 6. HP: 36/47 MP: 0/0
  3863 | D:4      | Noticed Ijyb
  3868 | D:4      | Killed Ijyb
  4103 | D:4      | Noticed Eustachio
  4118 | D:4      | Killed Eustachio
  4119 | D:4      | Reached skill level 5 in Spellcasting
  4119 | D:4      | Reached XP level 7. HP: 20/53 MP: 0/0
  4119 | D:4      | Learned a level 3 spell: Ozocubu's Armour
  4401 | D:4      | Noticed Menkaure
  4412 | D:4      | Killed Menkaure
  4413 | D:4      | Reached skill level 5 in Fighting
  4777 | D:4      | Found a glowing silver altar of Zin.
  5078 | D:5      | Entered Level 5 of the Dungeon
  5480 | D:5      | Noticed a water moccasin
  5485 | D:5      | Killed a water moccasin
  5486 | D:5      | Reached XP level 8. HP: 40/61 MP: 0/0
  6875 | D:6      | Reached XP level 9. HP: 2/68 MP: 0/0
  6875 | D:6      | Learned a level 3 spell: Portal Projectile
  7437 | D:6      | Found Quef's Weapon Boutique.
  7721 | D:6      | Found a staircase to the Ecumenical Temple.
  7735 | Temple   | Entered the Ecumenical Temple
  7751 | Temple   | Became a worshipper of Ashenzari the Shackled
  7780 | D:6      | Shot with an arrow by a centaur

Illustrated notes

Levels and vault maps discovered:
D:1:      tarquinn_simple_flora_water_a, layout_basic
D:2:      layout_rooms, hellmonk_ecumenical_altar_lost_god
D:3:      minmay_diamond_boxcup, layout_loops_ring, nrook_mini_vaults,
          uniq_terence, uniq_crazy_yiuf_cottage
D:4:      layout_loops_ring, mainiacjoe_overflow_alcove_1, uniq_eustachio,
          uniq_ijyb, uniq_menkaure
D:5:      layout_loops_ring
D:6:      layout_basic, minmay_temple_entry_mini_moons, serial_shops,
          kennysheep_mini, amethyst_killhole
Temple:   eino_temple_water

Skill      XL: |  1  2  3  4  5  6  7  8  9 |
---------------+----------------------------+-----
Fighting       | 1 2 3 4 5 7 |  7.9
Spellcasting   | 4 5 6 7 |  7.0
Dodging        | |  2.1
Stealth        | |  1.5

Action                   |  1- 3 |  4- 6 |  7- 9 || total
-------------------------+-------+-------+-------++-------
 Cast: Magic Dart        |    11 |       |       ||    11
       Searing Ray       |    24 |    45 |    19 ||    88
       Iskenderun's Myst |       |       |    24 ||    24
       Fulminant Prism   |       |       |    37 ||    37
       Ozocubu's Armour  |       |       |     1 ||     1
Armor: Robe              |     2 |     3 |     1 ||     6
Dodge: Dodged            |     3 |    17 |    29 ||    49
